 Dungeon Crawl Stone Soup version 0.30.1-4-g462c640d31 (webtiles) character file.

Game seed: 13078611839304847022

443 Cheops the Conjurer (level 6, -10/32 HPs)
             Began as a Deep Elf Conjurer on Aug 28, 2023.
             Mangled by Eustachio
             ... wielding a +2 falchion of holy wrath
              (12 damage)
             ... on level 5 of the Dungeon.
             The game lasted 00:09:49 (4636 turns).

Cheops the Conjurer (Deep Elf Conjurer)             Turns: 4636, Time: 00:09:49

Health: -10/32     AC:  3    Str:  4    XL:     6   Next: 71%
Magic:  4/12       EV: 12    Int: 25    God:
Gold:   200        SH:  0    Dex: 13    Spells: 1/11 levels left

rFire   . . .        (no weapon)
rCold   . . .        (no shield)
rNeg    . . .        a - +0 robe
rPois   .            (no helmet)
rElec   .            (no cloak)
rCorr   .            (no gloves)
SInv    .            l - +0 pair of boots
Will    .....        (no amulet)
Stlth   ++           (no ring)
HPRegen 0.25/turn    (no ring)
MPRegen 0.13/turn

%: no passive effects
@: no status effects
A: no striking features
a: no special abilities


You were on level 5 of the Dungeon.
You visited 2 branches of the dungeon, and saw 6 of its levels.

You collected 200 gold pieces.

Inventory:

Armour
 a - a +0 robe (worn)
 l - a +0 pair of boots (worn)
Jewellery
 w - an amulet of faith
Wands
 s - a wand of acid (11)
 v - a wand of iceblast (9)
Scrolls
 d - 3 scrolls of identify {unknown}
 f - a scroll of brand weapon {unknown}
 g - a scroll of fog {unknown}
 h - 6 scrolls of teleportation {unknown}
 i - 2 scrolls of noise {unknown}
 k - a scroll of vulnerability {unknown}
 o - a scroll of fear {unknown}
 r - 2 scrolls of amnesia {unknown}
 t - a scroll of immolation {unknown}
 u - 2 scrolls of magic mapping {unknown}
Potions
 b - a potion of magic
 c - 3 potions of curing {unknown}
 e - a potion of degeneration {unknown}
 j - a potion of mutation {unknown}
 m - 2 potions of haste {unknown}
 n - 2 potions of brilliance {unknown}
 p - 2 potions of lignification {unknown}
 q - a potion of attraction {unknown}


   Skills:
 - Level 2.4 Dodging
 - Level 2.4 Stealth
 - Level 3.0 Spellcasting
 - Level 7.0 Conjurations
 + Level 6.4 Hexes


You had one spell level left.
You knew the following spells:

 Your Spells              Type           Power      Damage    Failure   Level
a - Magic Dart            Conj           100%       1d8       1%          1
b - Searing Ray           Conj           76%        2d7       1%          2
d - Dazzling Flash        Conj/Hex       74%        N/A       1%          3
p - Fulminant Prism       Conj/Hex       18%        3d10      6%          4

Your spell library contained the following spells:

 Spells                   Type           Power      Damage    Failure   Level
 Freeze                   Ice            12%        1d3       10%         1
 Ensorcelled Hibernation  Hex/Ice        38%        N/A       4%          2
 Hailstorm                Conj/Ice       21%        3d6       7%          3
 Summon Guardian Golem    Hex/Summ       19%        N/A       9%          3
 Passwall                 Tmut/Erth      2%         N/A       16%         2
 Iskenderun's Mystic Bla  Conj/Tloc      21%        2d6       24%         4
 Frozen Ramparts          Ice            6%         1d1       30%         3
 Ozocubu's Armour         Ice            3%         N/A       30%         3
 Swiftness                Air            3%         N/A       30%         3
 Orb of Destruction       Conj           19%        9d8       99%         7
 Ozocubu's Refrigeration  Ice            1%         4d7       100%        7
 Spellforged Servitor     Conj/Summ      10%        N/A       100%        7


Dungeon Overview and Level Annotations

Branches:
Dungeon (5/15)             Temple (1/1) D:5

Altars:
Cheibriados
Elyvilon
Fedhas
Gozag
Hepliaklqana
Kikubaaqudgha
Makhleb
Nemelex Xobeh
Qazlal
Ru
Uskayaw
Wu Jian
Zin
The Shining One

Shops:
D:2 :

Annotations:
D:4 find stair up
D:5 fly, Eustachio


Message History

You climb upwards.
Welcome back to the Dungeon!
Level annotation: fly
There is a staircase to the Ecumenical Temple here.
Found a burning altar of Makhleb.
Found 19 gold pieces.
Eustachio utters an oath, "I will die for my friends!"
Found a stone staircase leading up.
Eustachio opens the door.
Casting: Searing Ray (safe; 1% risk of failure)
Confirm with . or Enter, or press ? or * to list all spells.
Aiming: Searing Ray (safe; 1% risk of failure)
Press: ? - help, Shift-Dir - straight line, f - Eustachio
Aim: Eustachio, wielding a +2 falchion of holy wrath and wearing a +0 leather armour (73% to hit)
The searing ray hits Eustachio!
Eustachio is lightly wounded. (Press . to maintain the ray.)
The searing ray hits Eustachio!
Eustachio is heavily wounded.
Eustachio hits you with a +2 falchion of holy wrath.
The searing ray misses Eustachio.
Eustachio hits you with a +2 falchion of holy wrath!
The searing ray hits Eustachio.
Eustachio is heavily wounded.
You finish channelling your searing ray.
Eustachio hits you with a +2 falchion of holy wrath!
* * * LOW HITPOINT WARNING * * *
Casting: Searing Ray (safe; 1% risk of failure)
Confirm with . or Enter, or press ? or * to list all spells.
Aiming: Searing Ray (safe; 1% risk of failure)
Press: ? - help, Shift-Dir - straight line, f/p - Eustachio
Aim: Eustachio, wielding a +2 falchion of holy wrath and wearing a +0 leather armour (heavily wounded, 73% to hit)
The searing ray hits Eustachio.
Eustachio is severely wounded. (Press . to maintain the ray.) Eustachio hits you with a +2 falchion of holy wrath!
* * * LOW HITPOINT WARNING * * *
The searing ray hits Eustachio.
Eustachio is severely wounded.
Eustachio hits you with a +2 falchion of holy wrath!
You die...

..#. .# # <.. ..
.# #..#.###.#.
..........
###..#######..
....#.....#.#
#..#.$.$.#.#
#.@@.$_.$#.#
#..#..$$.#.#
##.#....$#.##
#.#######..#####
#...............
########........
#...###... #.⌠.#
....
#####...###....


You could see Eustachio.

Vanquished Creatures
  2 ogres
  A howler monkey (D:4)
  A hound (D:4)
  An iguana (D:4)
  A gnoll (D:1)
  10 adders
  An ufetubus (D:4)
  3 dart slugs (D:4)
  4 orcs
  5 ball pythons
  5 endoplasms
  2 giant cockroaches
  6 goblins
  9 hobgoblins
  5 jackals
  7 kobolds
  2 quokkas
  3 bats
  3 frilled lizards
  3 rats
74 creatures vanquished.

Vanquished Creatures (others)
  A fulminant prism (D:4)
1 creature vanquished.

Grand Total: 75 creatures vanquished

Notes
Turn   | Place    | Note
-------+----------+-------------------------------------------
     0 | D:1      | Cheops the Deep Elf Conjurer began the quest for the Orb.
     0 | D:1      | Reached XP level 1. HP: 10/10 MP: 6/6
    20 | D:1      | Reached XP level 2. HP: 15/15 MP: 2/8
    98 | D:1      | Reached skill level 5 in Conjurations
   462 | D:1      | Reached XP level 3. HP: 19/19 MP: 4/9
  1228 | D:2      | Learned a level 2 spell: Searing Ray
  1257 | D:2      | Found Erach's Book Shop.
  1507 | D:2      | Reached skill level 6 in Conjurations
  1954 | D:2      | Reached XP level 4. HP: 24/24 MP: 5/10
  2193 | D:2      | Learned a level 3 spell: Dazzling Flash
  3223 | D:3      | Reached skill level 7 in Conjurations
  3223 | D:3      | Reached XP level 5. HP: 28/28 MP: 6/11
  3228 | D:3      | Learned a level 4 spell: Fulminant Prism
  3430 | D:4      | Reached skill level 1 in Hexes
  3581 | D:4      | Noticed an ogre
  3586 | D:4      | Killed an ogre
  3587 | D:4      | Reached XP level 6. HP: 32/32 MP: 4/12
  3695 | D:4      | Reached skill level 5 in Hexes
  4072 | D:4      | Found a blossoming altar of Fedhas.
  4232 | D:5      | Entered Level 5 of the Dungeon
  4434 | D:5      | Found a staircase to the Ecumenical Temple.
  4444 | Temple   | Entered the Ecumenical Temple
  4617 | D:5      | Found a burning altar of Makhleb.
  4618 | D:5      | Noticed Eustachio
  4636 | D:5      | Mangled by Eustachio

Illustrated notes

Levels and vault maps discovered:
D:1:      dpeg_arrival_rooms_b, layout_basic, minmay_misc_feat_doors
D:2:      layout_loops_corners, serial_shops, nicolae_shop_behind_doors,
          minmay_misc_feat_roman, kennysheep_generic_room_15
D:3:      layout_rooms
D:4:      layout_rooms, nicolae_overflow_hidden_temple, minmay_starry_boxes
D:5:      lemuel_ice_spiral_2, layout_basic, amcnicky_altar_gilded,
          mainiacjoe_overflow_alcove_4, trog_wizard,
          minmay_temple_entry_junction, corexii_item_surrounded_by_moat,
          serial_bayou_pond_e, hangedman_decor_lopped, uniq_pikel, uniq_ijyb,
          uniq_eustachio
Temple:   chequers_temple_sunken

Skill      XL: |  1  2  3  4  5  6 |
---------------+-------------------+-----
Conjurations   | 5 6 7 |  7.0
Hexes          | 4 6 |  6.4
Dodging        | |  2.4
Stealth        | |  2.4
Spellcasting   | |  3.0

Action                     |  1- 3 |  4- 6 || total
---------------------------+-------+-------++-------
   Cast: Magic Dart        |    65 |    46 ||   111
         Searing Ray       |     1 |    22 ||    23
         Fulminant Prism   |       |     1 ||     1
 Armour: Robe              |     5 |     7 ||    12
  Dodge: Dodged            |     8 |    20 ||    28
